 Dungeon Crawl Stone Soup version 0.31-a0-1603-gbec6b6ccbf (webtiles) character file.

Game seed: 16151033788356065965

14 timneilson the Changeling (level 2, -8/18 HPs)
             Began as an Octopode Shapeshifter on Jan 8, 2024.
             Mangled by Natasha (9 damage)
             ... on level 2 of the Dungeon.
             The game lasted 00:01:05 (1008 turns).

timneilson the Changeling (Octopode Shapeshifter)   Turns: 1008, Time: 00:01:06

Health: -8/18      AC:  1    Str: 13    XL:     2   Next: 45%
Magic:  2/2        EV: 13    Int: 12    God:
Gold:   93         SH:  0    Dex: 11    Spells: 1/1 levels left

rFire   . .          .
                       - Unarmed
rCold   . . .        (no shield)
rNeg    . . .        (helmet currently unavailable)
rPois   .            (no amulet)
rElec   .            (no ring)
rCorr   .            (no ring)
SInv    .            (no ring)
Will    .....        (no ring)
Stlth   ++           (no ring)
HPRegen 0.23/turn    (no ring)
MPRegen 0.08/turn    (no ring)
                     (no ring)

%: no passive effects
@: beast-form
A: beast (slay +1), almost no armour, amphibious, 8 rings, camouflage 1,
gelatinous body 1, (nimble swimmer 1), tentacles
a: Begin Untransformation


You were on level 2 of the Dungeon.
You were a hulking beast.
You visited 1 branch of the dungeon, and saw 2 of its levels.

You collected 93 gold pieces.

Inventory:

Talismans
 b - a beast talisman
 c - a flux talisman
Scrolls
 g - 2 scrolls of immolation
Potions
 a - a potion of lignification
 e - 2 potions of brilliance
 f - 3 potions of curing {unknown}


   Skills:
 * Level 1.3 Fighting
 * Level 2.2 Dodging
 + Level 0.6 Stealth
 * Level 3.1 Unarmed Combat
 * Level 3.1 Shapeshifting


You had one spell level left.
You didn't know any spells.
Your spell library was empty.

Dungeon Overview and Level Annotations

Branches:
Dungeon (2/15)

Altars:

Shops:
D:1 =

Annotations:
D:2 Natasha


Innate Abilities, Weirdness & Mutations

You are a hulking beast.
Your limbs bulge with bestial killing power. (Slay +1)
You cannot wear most types of armour.
You are amphibious.
You can wear up to eight rings at the same time.
Your skin changes colour to match your surroundings (Stealth+).
Your rubbery body absorbs attacks. (AC +1, EV +1)
((You are camouflaged when in or above water. (Stealth+)))
You have tentacles for arms and can constrict up to eight enemies at once.


Message History

No target in view!
No target in view!
No target in view!
No target in view!
No target in view!
No target in view!
No target in view!
You now have 93 gold pieces (gained 3).
Done exploring.
Done exploring.
As you read the scroll labelled YNGAWNEWIV, it crumbles to dust.
You hear a loud clanging noise!
It was a scroll of noise.
As you read the scroll labelled RAATIU COROUB, it crumbles to dust.
The air around you briefly surges with heat, but it dissipates.
It was a scroll of immolation.
As you read the scroll labelled RIBROUCL KAOD, it crumbles to dust.
It is a scroll of identify.
e - 2 potions of brilliance
As you read the scroll labelled XONAGI DEBA, it crumbles to dust.
It is a scroll of amnesia.
You feel forgetful for a moment.
There is a staircase leading out of the dungeon here.
There is an open door here.
There is a stone staircase leading down here.
You climb downwards.
Found 2 stones and a chain mail.
There is a stone staircase leading up here.
Natasha hisses angrily.
Natasha stares at you and mumbles some strange words.
The magic dart hits you! Natasha claws you!
Ouch! That really hurt!
* * * LOW HITPOINT WARNING * * *
You closely miss Natasha. You grab Natasha. You squeeze Natasha.
Natasha is lightly wounded.
You constrict Natasha. Natasha claws you!
Ouch! That really hurt!
You die...
Natasha begins licking her fur clean.

###
...#########
...........
..........# ##
..........###
..
#.........#.##
#............#
#...hh..<....#
#####[.(.....#
#........#
#........#
#........#
##+#..#.##
#..#.# ......


You could see Natasha.

Vanquished Creatures
  A bat (D:1)
  3 endoplasms (D:1)
  A giant cockroach (D:1)
  A goblin (D:1)
  A hobgoblin (D:1)
  A frilled lizard (D:1)
  2 kobolds (D:1)
  3 rats (D:1)
13 creatures vanquished.

Notes
Turn   | Place    | Note
-------+----------+-------------------------------------------
     0 | D:1      | timneilson the Octopode Shapeshifter began the quest for
                  | the Orb.
     0 | D:1      | Reached XP level 1. HP: 13/13 MP: 1/1
   405 | D:1      | Found Kaxzeaza's Jewellery Emporium.
   441 | D:1      | Reached XP level 2. HP: 18/18 MP: 2/2
  1004 | D:2      | Noticed Natasha
  1008 | D:2      | Mangled by Natasha

Illustrated notes

Levels and vault maps discovered:
D:1:      reono_arrival_mine, layout_basic, serial_shops,
          nicolae_shop_hallway_stairs, minmay_misc_feat_nine_boxes
D:2:      layout_basic, basic_altar, uniq_natasha

Action                     || total
---------------------------++-------
  Melee: Unarmed           ||    22
         Constrict         ||     7
         Tentacles         ||     5
    Use: Scroll            ||     4
   Stab: Sleeping          ||     1
 Armour: Skin              ||    10
  Dodge: Dodged            ||    11

Table legend: (Time is in decaauts)
 A = Elapsed time spent in this place.
 B = Non-inter-level travel time spent in this place.
 C = Inter-level travel time spent in this place.
 D = Time resting spent in this place.
 E = Time spent auto-exploring this place.
 F = Levels seen in this place.
 G = Mean time per level.
                   A        B        C        D        E       F      G
               +--------+--------+--------+--------+--------+-----+--------+
         Total |   1006 |    972 |     34 |      0 |    867 |   2 |  503.0 |
       Dungeon |   1006 |    972 |     34 |      0 |    867 |   2 |  503.0 |
               +--------+--------+--------+--------+--------+-----+--------+

Top non-repeatable levels by time:
     D:1: 1003 daAuts
     D:2: 3 daAuts
